 Dungeon Crawl Stone Soup version 0.29-a0-993-g4a18f31a58 (webtiles) character file.

Game seed: 13581347146611114276

56688 vurker the Slicer (level 14, -14/77 HPs)
             Began as a Vine Stalker Enchanter on Aug 2, 2022.
             Was the Champion of Makhleb.
             Demolished by a skeletal warrior
             ... wielding a +0 glaive
              (24 damage)
             ... on level 12 of the Dungeon.
             The game lasted 00:28:35 (17009 turns).

vurker the Slicer (Vine Stalker Enchanter)         Turns: 17009, Time: 00:28:36

Health: -14/77     AC:  8    Str: 21    XL:     14   Next: 82%
Magic:  0/30       EV: 14    Int: 15    God:    Makhleb [******]
Gold:   1451       SH:  5    Dex: 14    Spells: 17/17 levels left

rFire   + . .      SeeInvis +   b - +8 arc blade {discharge, rElec}
rCold   + . .      Faith    .   g - +0 buckler
rNeg    . . .      Spirit   +   x - +1 troll leather armour {Snorg}
rPois   +          Reflect  .   (no helmet)
rElec   +          Harm     .   (no cloak)
rCorr   .          Rampage  .   i - +0 pair of gloves
Will    +....                   I - +0 pair of boots
Stlth   ++++......              (no amulet)
HPRegen 1.82/turn               B - ring "Biqiu" {rPois rF+ Str+4}
MPRegen 0.22/turn               G - ring "Jazeitso" {rC+ MP+9 SInv}

@: studying Polearms
A: fangs 3, regeneration 1, magic shield, antimagic bite, no potion heal 2
a: Renounce Religion, Minor Destruction, Lesser Servant of Makhleb, Major
Destruction, Greater Servant of Makhleb


You were on level 12 of the Dungeon.
You worshipped Makhleb.
Makhleb was exalted by your worship.
You visited 4 branches of the dungeon, and saw 20 of its levels.
You also visited: Gauntlet.

You collected 2313 gold pieces.
You spent 862 gold pieces at shops.

Inventory:

Hand Weapons
 a - a +2 vampiric short sword
   (You took it off a kobold on level 1 of the Dungeon)
 b - the +8 arc blade (weapon) {discharge, rElec}
   (You acquired it on level 7 of the Dungeon)

   It occasionally unleashes powerful arcs of lightning upon striking a foe.
   These may arc to other adjacent creatures (including the wielder, but dealing
   reduced damage to them) before grounding out.
   rElec:     It insulates you from electricity.
Missiles
 D - 5 throwing nets (quivered)
Armour
 g - a +0 buckler (worn)
   (You found it on level 3 of the Lair of Beasts)
 i - a +0 pair of gloves (worn)
   (You found it on level 11 of the Dungeon)
 x - a +1 troll leather armour (worn) {Snorg}
   (You found it on level 3 of the Lair of Beasts)
 I - a +0 pair of boots (worn)
   (You found it on level 10 of the Dungeon)
Jewellery
 B - the ring "Biqiu" (left hand) {rPois rF+ Str+4}
   (You found it on level 4 of the Lair of Beasts)

   [ring of protection from fire]

   Str:       It affects your strength (+4).
   rF:        It protects you from fire.
   rPois:     It protects you from poison.
 G - the ring "Jazeitso" (right hand) {rC+ MP+9 SInv}
   (You bought it in a shop on level 2 of the Orcish Mines)

   [ring of protection from cold]

   rC:        It protects you from cold.
   MP:        It affects your magic capacity (+9).
   SInv:      It lets you see invisible.
Wands
 d - a wand of iceblast (5)
   (You took it off Maggie on level 1 of the Lair of Beasts)
 q - a wand of mindburst (12)
   (You found it on level 3 of the Dungeon)
 t - a wand of flame (27)
   (You found it on level 4 of the Dungeon)
 v - a wand of digging (8)
   (You found it on level 8 of the Dungeon)
 z - a wand of polymorph (9)
   (You found it on level 5 of the Dungeon)
Scrolls
 e - 9 scrolls of teleportation
 f - 3 scrolls of summoning
 h - 6 scrolls of identify
 k - 4 scrolls of enchant armour
 p - 6 scrolls of fog
 r - a scroll of brand weapon
 u - 4 scrolls of fear
 w - a scroll of poison
 C - 2 scrolls of enchant weapon
 F - 2 scrolls of magic mapping
 J - a scroll of blinking
Potions
 c - 5 potions of invisibility
 j - a potion of mutation
 l - 3 potions of ambrosia
 m - a potion of flight
 n - 2 potions of cancellation
 y - 8 potions of curing
 A - a potion of lignification
 E - a potion of might
 H - a potion of magic


   Skills:
 + Level 10.6 Fighting
 - Level 14.0 Short Blades
 + Level 7.3 Armour
 + Level 7.6 Dodging
 - Level 10.0 Stealth
 + Level 5.4 Shields
 - Level 2.1 Spellcasting
 - Level 3.0 Hexes
 + Level 8.3 Invocations


You had 17 spell levels left.
You didn't know any spells.
Your spell library contained the following spells:

 Spells                   Type           Power      Damage    Failure   Level
 Ensorcelled Hibernation  Hex/Ice        12%        N/A       26%         2
 Confusing Touch          Hex            10%        N/A       28%         3
 Tukima's Dance           Hex            10%        N/A       28%         3
 Foxfire                  Conj/Fire      4%         2x1d4     32%         1
 Sandblast                Erth           2%         2d4       32%         1
 Summon Small Mammal      Summ           4%         N/A       32%         1
 Passwall                 Tmut/Erth      0%         N/A       43%         2
 Static Discharge         Conj/Air       1%         3-4/arc   43%         2
 Dazzling Flash           Conj/Hex       12%        N/A       45%         3
 Inner Flame              Hex/Fire       6%         N/A       45%         3
 Portal Projectile        Hex/Tloc       12%        N/A       45%         3
 Summon Guardian Golem    Hex/Summ       6%         N/A       45%         3
 Call Canine Familiar     Summ           1%         N/A       67%         3
 Conjure Flame            Conj/Fire      1%         6-21      67%         3
 Stone Arrow              Conj/Erth      2%         3d7       67%         3
 Leda's Liquefaction      Hex/Erth       3%         N/A       86%         4
 Flame Wave               Conj/Fire      1%         2d4       97%         4
 Iskenderun's Mystic Bla  Conj/Tloc      1%         2d3       97%         4
 Passage of Golubria      Tloc           1%         N/A       97%         4
 Yara's Violent Unravell  Hex/Tmut       3%         3d4       99%         5
 Blade Hands              Tmut           0%         N/A       100%        5
 Fireball                 Conj/Fire      0%         3d3       100%        5
 Iskenderun's Battlesphe  Conj           1%         2d6       100%        5
 Lightning Bolt           Conj/Air       0%         1d11      100%        5
 Conjure Ball Lightning   Conj/Air       0%         3x3d6     100%        6
 Starburst                Conj/Fire      0%         6d3       100%        6
 Orb of Destruction       Conj           0%         9d5       100%        7
 Maxwell's Capacitive Co  Air            0%         ∞         100%        8


Dungeon Overview and Level Annotations

Branches:
Dungeon (12/15)            Temple (1/1) D:6            Lair (5/5) D:9
  Swamp (0/4) Lair:2       Spider (0/4) Lair:3        Slime (0/5) Lair:4
    Orc (2/2) D:10            Elf (0/3) Orc:2       Gauntlet (visited)

Altars:
Ashenzari
Cheibriados
Dithmenos
Elyvilon
Fedhas
Gozag
Hepliaklqana
Kikubaaqudgha
Makhleb
Nemelex Xobeh
Okawaru
Qazlal
Ru
Sif Muna
Trog
Uskayaw
Vehumet
Wu Jian
Xom
Yredelemnul
Zin
The Shining One

Shops:
D:1 (   D:5 (   D:9 [   Orc:2 [=[(

Annotations:
Lair:1 3 runed translucent doors, Zexes9's ghost, journeyman MiGl
Orc:2 1 runed translucent door, eyesofgods1's ghost, journeyman DsFi


Innate Abilities, Weirdness & Mutations

You have razor-sharp teeth.
Your natural rate of healing is unusually fast.
When hurt, damage is shared between your health and your magic reserves.
Your bite disrupts and absorbs the magic of your enemies.
Potions cannot restore your health.


Message History

There are monsters nearby! 2 skeletal warriors come into view.
Found 16 gold pieces.
The skeletal warrior hits you from afar with a +0 halberd!!
There is an open door, spattered with blood here.
The skeletal warrior hits you but does no damage.
The skeletal warrior hits you with a +0 glaive!!
You hit the skeletal warrior.
The arc blade crackles.
The skeletal warrior is struck by an arc of lightning!
You resist.
You are struck by an arc of lightning.
The skeletal warrior is struck by an arc of lightning! x2
You resist.
You are struck by an arc of lightning.
The skeletal warrior is struck by an arc of lightning!!
You resist.
You are struck by an arc of lightning.
The skeletal warrior is struck by an arc of lightning!
The lightning grounds out.
The skeletal warrior is struck by an arc of lightning.
The skeletal warrior is struck by an arc of lightning!!
You resist.
You are struck by an arc of lightning.
The skeletal warrior is struck by an arc of lightning.
The skeletal warrior is struck by an arc of lightning!!
You resist.
You are struck by an arc of lightning.
The skeletal warrior is struck by an arc of lightning!!
You destroy the skeletal warrior!
Makhleb accepts your kill.
You feel better.
The lightning grounds out.
You bite the skeletal warrior. You drain its power.
You feel invigorated.
You puncture the skeletal warrior!
The skeletal warrior hits you with a +0 halberd!!
* * * LOW HITPOINT WARNING * * *
The skeletal warrior closely misses you.
You puncture the skeletal warrior!
You bite the skeletal warrior, but do no damage.
You block the skeletal warrior's attack.
The skeletal warrior hits you with a +0 glaive!
* * * LOW HITPOINT WARNING * * *
You hit the skeletal warrior but do no damage.
You bite the skeletal warrior, but do no damage.
You hit the skeletal warrior but do no damage.
You bite the skeletal warrior, but do no damage.
You block the skeletal warrior's attack.
The skeletal warrior hits you with a +0 glaive!!
* * * LOW HITPOINT WARNING * * *
Unknown command.
You closely miss the skeletal warrior.
You hit the skeletal warrior but do no damage.
You bite the skeletal warrior, but do no damage.
The skeletal warrior misses you.
The skeletal warrior hits you with a +0 glaive!!
You die...

..#....# #...............#.
.##....# #...............#.
.#.....# #...............'.
.#.....# +.........##....#.
.#.....# #.........#######.
.'.....# #####'##### #.
.#.....# #########........
#. .#.....#
......z.#........ #.
.#..............@'........'
#.
.#.............z)#.9.####.#
#.
.#............$..#........#
#.
.#.....###########)........
..
.#######........)))))>....>
...............##########..
...............#
.........####.......
..............[.....


You could see 2 skeletal warriors and a gargoyle.

Vanquished Creatures
  Saint Roka (Orc:2)
  Frances (D:12)
  Snorg (Lair:3)
  An ettin (Orc:1)
  Fannar (Lair:1)
  Harold (Orc:1)
  6 hydras
  A merfolk avatar (Lair:5)
  6 two-headed ogres
  A skeletal warrior (D:12)
  Lodul (D:12)
  A sea snake (Lair:4)
  An ugly thing (D:11)
  3 orc knights (Orc:2)
  A cyclops (D:11)
  2 manticores
  3 orc sorcerers
  A black mamba (Lair:5)
  14 elephants
  9 cane toads
  A gargoyle (D:12)
  Maggie (Lair:1)
  4 rime drakes
  11 komodo dragons
  4 kobold demonologists
  8 trolls
  2 hornets
  2 polar bears
  12 slime creatures
  11 dream sheep (Lair:5)
  2 jumping spiders (Lair:3)
  3 wyverns
  A wraith (D:10)
  5 culicivoras (Lair:3)
  A vampire (D:11)
  22 yaks
  5 basilisks
  A steam dragon (Lair:5)
  3 vampire mosquitoes (D:12)
  2 redbacks (Lair:3)
  5 wargs
  12 water moccasins
  3 black bears (D:9)
  An ice beast (D:5)
  32 orc warriors
  13 ogres
  3 centaurs
  A phantom (D:6)
  9 wolves (Lair:5)
  5 kobold brigands
  A necrophage (D:5)
  A gnoll sergeant (D:8)
  11 bullfrogs
  3 scorpions
  5 wights (D:9)
  7 killer bees
  2 electric eels
  5 howler monkeys
  5 jellies
  21 orc priests
  4 hounds
  A gnoll bouda (D:5)
  An iguana (D:5)
  26 orc wizards
  11 gnolls
  14 adders
  3 white imps
  4 worms
  4 dart slugs
  95 orcs
  6 bats
  2 endoplasms (D:1)
  4 giant cockroaches
  9 goblins
  7 hobgoblins
  4 jackals
  5 quokkas
  5 ball pythons
  2 frilled lizards
  23 kobolds
  6 rats
  A butterfly (Lair:1)
539 creatures vanquished.

Vanquished Creatures (others)
  45 fungi
  75 plants
  2 withered plants (Orc:2)
122 creatures vanquished.

Grand Total: 661 creatures vanquished

Notes
Turn   | Place    | Note
-------+----------+-------------------------------------------
     0 | D:1      | vurker the Vine Stalker Enchanter began the quest for the
                  | Orb.
     0 | D:1      | Reached XP level 1. HP: 9/9 MP: 4/4
    26 | D:1      | Reached skill level 1 in Short Blades
   182 | D:1      | Reached XP level 2. HP: 14/14 MP: 6/6
   278 | D:1      | Found Miodo's Antique Weapon Shoppe.
   388 | D:1      | Reached XP level 3. HP: 17/17 MP: 7/7
   485 | D:1      | Reached skill level 1 in Fighting
   485 | D:1      | Reached skill level 2 in Short Blades
  1276 | D:2      | Gained mutation: Your natural rate of healing is unusually
                  | fast. [Vine Stalker growth]
  1276 | D:2      | Reached XP level 4. HP: 22/22 MP: 8/8
  1299 | D:2      | Found a faded altar of an unknown god.
  1606 | D:2      | Found a shadowy altar of Dithmenos.
  1926 | D:3      | Found a radiant altar of Vehumet.
  2116 | D:3      | Found a shimmering blue altar of Sif Muna.
  2155 | D:2      | Reached skill level 3 in Short Blades
  2155 | D:2      | Reached XP level 5. HP: 24/26 MP: 9/9
  2887 | D:4      | Found a shimmering altar of Xom.
  2967 | D:4      | Reached skill level 5 in Stealth
  3059 | D:4      | Reached XP level 6. HP: 30/30 MP: 10/10
  3228 | D:4      | Found a sparkling altar of Nemelex Xobeh.
  3448 | D:5      | Entered Level 5 of the Dungeon
  3549 | D:5      | Reached skill level 4 in Short Blades
  3662 | D:5      | Noticed an ice beast
  3674 | D:5      | Killed an ice beast
  3675 | D:5      | Reached XP level 7. HP: 34/36 MP: 11/11
  3934 | D:5      | Reached skill level 5 in Short Blades
  4031 | D:5      | Found a blossoming altar of Fedhas.
  4228 | D:5      | Found Nead's Weapon Boutique.
  4483 | D:5      | Bought a +0 dagger of electrocution for 91 gold pieces
  4544 | D:6      | Gained mutation: You have razor-sharp teeth. [Vine Stalker
                  | growth]
  4544 | D:6      | Reached XP level 8. HP: 42/42 MP: 12/12
  4940 | D:6      | Reached skill level 6 in Short Blades
  5045 | D:6      | Found a staircase to the Ecumenical Temple.
  5075 | Temple   | Entered the Ecumenical Temple
  5597 | D:7      | Identified a scroll of acquirement
  5597 | D:7      | Acquired the +8 arc blade {discharge, rElec}
  5597 | D:7      | Found the +8 arc blade {discharge, rElec}
  5683 | D:7      | Found a glowing golden altar of the Shining One.
  5790 | D:7      | Found a basalt altar of Yredelemnul.
  5995 | D:7      | Reached skill level 7 in Short Blades
  5999 | D:7      | Reached XP level 9. HP: 39/46 MP: 13/13
  6476 | D:8      | Reached skill level 5 in Fighting
  6606 | D:8      | Found a white marble altar of Elyvilon.
  6879 | Temple   | Became a worshipper of Makhleb the Destroyer
  7167 | D:8      | Reached skill level 8 in Short Blades
  7255 | D:8      | Identified the +6 dagger of the Asp {drain, Str+2}
  7375 | D:9      | Found a bloodstained altar of Trog.
  7420 | D:9      | Noticed a two-headed ogre
  7439 | D:9      | Noticed a troll
  7440 | D:9      | Reached skill level 9 in Short Blades
  7440 | D:9      | Reached XP level 10. HP: 25/53 MP: 14/14
  7525 | D:9      | Killed a two-headed ogre
  7526 | D:9      | Reached skill level 10 in Stealth
  7581 | D:9      | Found a staircase to the Lair.
  7621 | D:9      | Found Zuzaaj's Antique Armour Emporium.
  7621 | D:9      | Noticed a two-headed ogre
  7629 | D:9      | Killed a two-headed ogre
  7630 | D:9      | Reached skill level 1 in Armour
  7664 | D:9      | Reached * piety under Makhleb
  7665 | D:9      | Reached skill level 10 in Short Blades
  7754 | D:9      | Noticed a kobold demonologist
  7756 | D:9      | Killed a kobold demonologist
  7845 | D:10     | Entered Level 10 of the Dungeon
  8066 | D:10     | Found a staircase to the Orcish Mines.
  8297 | D:10     | Reached skill level 1 in Invocations
  8297 | D:10     | Reached XP level 11. HP: 58/58 MP: 15/15
  8298 | D:10     | Reached ** piety under Makhleb
  8330 | D:10     | Found an iron altar of Okawaru.
  8442 | D:10     | Found an opulent altar of Gozag.
  8596 | D:11     | Noticed a two-headed ogre
  8602 | D:11     | Killed a two-headed ogre
  8695 | D:11     | Noticed a cyclops
  8714 | D:11     | Killed a cyclops
  8787 | D:11     | Reached skill level 11 in Short Blades
  8830 | D:11     | Noticed an eight-headed hydra
  8840 | D:11     | Killed an eight-headed hydra
  8969 | D:11     | Noticed a two-headed ogre
  8978 | D:11     | Killed a two-headed ogre
  9295 | D:11     | Noticed a six-headed hydra
  9305 | D:11     | Killed a six-headed hydra
  9340 | D:11     | Noticed a brown ugly thing
  9353 | D:11     | Killed a brown ugly thing
  9392 | D:11     | Identified the +4 scale mail "Puich" {Rampage Will+}
  9494 | Lair:1   | Entered Level 1 of the Lair of Beasts
  9505 | Lair:1   | Noticed Maggie
  9536 | Lair:1   | Killed Maggie
  9537 | Lair:1   | Reached XP level 12. HP: 61/64 MP: 16/16
  9674 | Lair:1   | Noticed Fannar
  9678 | Lair:1   | Killed Fannar
  9762 | Lair:1   | Found a gate leading to a gauntlet.
  9777 | Gauntlet | Entered a Gauntlet
  9777 | Gauntlet | Found a transporter.
  9777 | Gauntlet | Found a transporter.
  9781 | Gauntlet | Found a transporter.
  9781 | Gauntlet | Found a transporter.
  9791 | Gauntlet | Found a transporter.
  9792 | Gauntlet | Noticed a catoblepas
  9801 | Gauntlet | Found a transporter.
  9801 | Gauntlet | Found a transporter.
  9804 | Gauntlet | Found a transporter.
  9839 | Gauntlet | Found a transporter.
  9846 | Gauntlet | Found a transporter.
  9868 | Gauntlet | Found a transporter.
  9908 | Gauntlet | Found a transporter.
  9923 | Gauntlet | Found a transporter.
  9938 | Gauntlet | Found a transporter.
 10038 | Gauntlet | Found a transporter.
 10052 | Gauntlet | Found a transporter.
 10349 | Lair:1   | Reached skill level 12 in Short Blades
 10397 | Lair:1   | Noticed Zexes9's ghost (journeyman MiGl)
 10402 | Lair:1   | Reached *** piety under Makhleb
 10481 | Lair:1   | Found a runed translucent gate.
 10481 | Lair:1   | Found a runed translucent gate.
 10481 | Lair:1   | Found a runed translucent gate.
 10879 | Lair:2   | Found a staircase to the Swamp.
 10887 | Lair:2   | Reached skill level 5 in Dodging
 11635 | Lair:3   | Noticed Snorg
 11640 | Lair:3   | Killed Snorg
 11648 | Lair:3   | Reached skill level 5 in Invocations
 11720 | Lair:3   | Found a hole to the Spider Nest.
 11979 | Lair:3   | Reached skill level 5 in Armour
 12381 | Lair:4   | Identified the ring "Biqiu" {rPois rF+ Str+4}
 12453 | Lair:4   | Reached XP level 13. HP: 52/70 MP: 18/18
 12525 | Lair:4   | Reached skill level 1 in Shields
 12560 | Lair:4   | Found a staircase to the Slime Pits.
 12627 | Lair:4   | Reached skill level 13 in Short Blades
 12738 | Lair:4   | Reached **** piety under Makhleb
 13218 | Lair:5   | Entered Level 5 of the Lair of Beasts
 14346 | Orc:1    | Entered Level 1 of the Orcish Mines
 14388 | Orc:1    | Noticed Harold
 14397 | Orc:1    | Reached XP level 14. HP: 64/76 MP: 20/20
 14400 | Orc:1    | Killed Harold
 14845 | Orc:2    | Entered Level 2 of the Orcish Mines
 14865 | Orc:2    | Reached ***** piety under Makhleb
 14874 | Orc:2    | Reached skill level 14 in Short Blades
 14883 | Orc:2    | Reached skill level 10 in Fighting
 15394 | Orc:2    | Noticed Saint Roka
 15424 | Orc:2    | Killed Saint Roka
 15459 | Orc:2    | Found Unynge's Antique Weapon Boutique.
 15532 | Orc:2    | Found Hadwe's Antique Armour Shop.
 15581 | Orc:2    | Found a runed translucent door.
 15581 | Orc:2    | Noticed eyesofgods1's ghost (journeyman DsFi)
 15616 | Orc:2    | Found Tageum's Antique Armour Boutique.
 15815 | Orc:2    | Found a staircase to the Elven Halls.
 15913 | Orc:2    | Reached ****** piety under Makhleb
 15957 | Orc:2    | Found Waycahi's Jewellery Emporium.
 16099 | Orc:2    | Bought the ring "Jazeitso" {rC+ MP+9 SInv} for 771 gold
                  | pieces
 16367 | D:12     | Noticed Frances
 16374 | D:12     | Killed Frances
 16474 | D:12     | Noticed Lodul
 16480 | D:12     | Reached skill level 5 in Shields
 16481 | D:12     | Killed Lodul
 17009 | D:12     | Demolished by a skeletal warrior

Illustrated notes

Levels and vault maps discovered:
D:1:      dpeg_arrival_ternary, layout_loops_ring, serial_forest,
          infiniplex_forest_clump_long, infiniplex_forest_corner_2,
          infiniplex_forest_3_way, infiniplex_forest_lined_ring,
          infiniplex_forest_straight_2, infiniplex_forest_clump_small,
          infiniplex_forest_split, serial_shops, nicolae_shop_advertising_works
          [nicolae_subvault_shop_adworks]
D:2:      layout_loops_ring, shapermc_ecumenical_altar_notcrosses, basic_altar,
          minmay_divided_ellipse
D:3:      minmay_spotlight, layout_rooms, nicolae_overflow_crystal_walls,
          nicolae_sif_muna_condensation
D:4:      minmay_wonky_spiral, layout_gridville, mainiacjoe_overflow_big_doors
D:5:      minmay_skewed_foursquare, layout_loops_ring,
          mainiacjoe_overflow_surrounded_room, serial_shops,
          kennysheep_mini_moat
D:6:      layout_gridville, minmay_temple_entry_tees
D:7:      layout_loops_corners, tso_oasis_becter, yredelemnul_altar_generic
D:8:      layout_loops_ring, mainiacjoe_overflow_concentric_impassable
D:9:      layout_basic, mainiacjoe_overflow_cross_hatched,
          due_lair_maze_entry_diamond, serial_shops, shop
D:10:     layout_big_octagon, general_overflow_altar, kennysheep_little_box,
          erik_orc_3
D:11:     minmay_inner_zag, layout_basic, serial_curves, eino_curves_02,
          eino_curves_02
D:12:     layout_stronghold, uniq_lodul, uniq_frances
Temple:   hellmonk_temple_of_storms
Lair:1:   layout_loops_ring, gammafunk_ghost_icy, gauntlet_entry_generic,
          lemuel_fruit_fields, infiniplex_staircase_pool, uniq_fannar,
          uniq_maggie
Lair:2:   layout_small_grid, swamp_mist_pool, serial_forest,
          infiniplex_forest_zigzag_1, infiniplex_forest_clump_long,
          infiniplex_forest_clump_small, infiniplex_forest_clump_cross,
          infiniplex_forest_clump_curved, infiniplex_forest_straight_2,
          infiniplex_forest_clump_small
Lair:3:   layout_misc_corridors, nicolae_spider_entry_tight_spaces,
          serial_forest, infiniplex_forest_end_1, infiniplex_forest_lined_ring,
          infiniplex_forest_pool, infiniplex_forest_lined_room_2,
          infiniplex_forest_lined_room_2, grunt_forest_stairs_basic, uniq_snorg
Lair:4:   layout_small_grid, minmay_slime_entry_pillars
Lair:5:   gammafunk_lair_ancient_temple, layout_layer_cave, st_stairs_7
Orc:1:    layout_diamond_mine, mines2_lemuel, uniq_harold
Orc:2:    grunt_orc_community_town_hall, layout_caves,
          grunt_orc_community_big_house_2, grunt_orc_community_big_house_1,
          grunt_orc_community_house_1, grunt_orc_community_house_3,
          grunt_orc_community_house_2, grunt_orc_community_house_2,
          grunt_orc_community_house_3, grunt_orc_community_house_1,
          gammafunk_ghost_grave, nicolae_orc_sculptors_studio,
          nicolae_orc_lava_room, uniq_saint_roka

Skill      XL: |  1  2  3  4  5  6  7  8  9 10 11 12 13 14 |
---------------+-------------------------------------------+-----
Short Blades   | 1 2 3 4 5 7 9 10 11 12 13 14 | 14.0
Stealth        | 4 5 6 8 9 10 | 10.0
Fighting       | 1 2 3 4 6 7 8 9 10 | 10.6
Armour         | 2 4 5 6 7 |  7.3
Dodging        | 3 4 5 6 7 |  7.6
Invocations    | 1 3 5 7 8 |  8.3
Shields        | 3 5 |  5.4
Spellcasting   | |  2.1
Hexes          | |  3.0

Action                   |  1- 3 |  4- 6 |  7- 9 | 10-12 | 13-15 || total
-------------------------+-------+-------+-------+-------+-------++-------
Melee: Dagger            |    21 |   113 |    97 |       |       ||   231
       Bite              |    52 |    63 |    60 |    89 |   136 ||   400
       Punch             |     2 |       |     5 |     4 |       ||    11
       Short sword       |   119 |   127 |    50 |       |       ||   296
       Rapier            |       |       |    99 |   272 |   471 ||   842
Evoke: Wand              |       |       |     1 |    10 |     2 ||    13
  Use: Scroll            |       |       |    14 |    13 |     3 ||    30
       Potion            |       |       |       |     1 |     2 ||     3
 Stab: Sleeping          |     8 |     9 |    10 |    18 |    26 ||    71
       Distracted        |       |       |       |     1 |     2 ||     3
Armor: Robe              |    33 |    48 |    74 |    28 |       ||   183
       Troll leather arm |       |       |       |    13 |    59 ||    72
       Chain mail        |       |       |       |     6 |       ||     6
       Swamp dragon scal |       |       |       |    28 |       ||    28
Dodge: Dodged            |    55 |   126 |   127 |   113 |   148 ||   569
Block: Buckler           |       |       |       |     2 |    59 ||    61

Table legend: (Time is in decaauts)
 A = Elapsed time spent in this place.
 B = Non-inter-level travel time spent in this place.
 C = Inter-level travel time spent in this place.
 D = Time resting spent in this place.
 E = Time spent auto-exploring this place.
 F = Levels seen in this place.
 G = Mean time per level.
                   A        B        C        D        E       F      G
               +--------+--------+--------+--------+--------+-----+--------+
         Total |  16628 |  15381 |   1247 |     24 |  12145 |  21 |  791.8 |
       Dungeon |  10017 |   9293 |    724 |     24 |   7236 |  12 |  834.8 |
        Temple |     84 |     37 |     47 |      0 |     24 |   1 |   84.0 |
          Lair |   4331 |   4022 |    309 |      0 |   3293 |   5 |  866.2 |
  Orcish Mines |   1838 |   1673 |    165 |      0 |   1307 |   2 |  919.0 |
      Gauntlet |    357 |    357 |      0 |      0 |    284 |   1 |  357.0 |
               +--------+--------+--------+--------+--------+-----+--------+

Top non-repeatable levels by time:
   Orc:2: 1341 daAuts
     D:1: 1186 daAuts
     D:6: 1054 daAuts
     D:5: 1033 daAuts
  Lair:4: 941 daAuts
  Lair:5: 909 daAuts
  Lair:1: 879 daAuts
     D:7: 856 daAuts
    D:11: 848 daAuts
    D:10: 818 daAuts
  Lair:2: 801 daAuts
  Lair:3: 798 daAuts
     D:8: 778 daAuts
     D:4: 771 daAuts
     D:3: 747 daAuts
